 Dungeon Crawl Stone Soup version 0.27.1-1-g398f81649c (webtiles) character file.

Game seed: 4813528793653775097

8 nxtlvl the Chopper (level 2, -1/26 HPs)
             Began as a Draconian Berserker on Sept 21, 2021.
             Was a Follower of Trog.
             Slain by an orc (3 damage)
             ... on level 3 of the Dungeon.
             The game lasted 00:01:35 (195 turns).

nxtlvl the Chopper (Draconian Berserker)             Turns: 195, Time: 00:01:36

Health: -1/26      AC:  4    Str: 19    XL:     2   Next: 0%
Magic:  2/2        EV: 12    Int:  7    God:    Trog [*.....]
Gold:   0          SH:  0    Dex: 10    Spells: 1/1 levels left

rFire    . . .     SeeInvis .   a - +0 hand axe
rCold    . . .     Faith    .   (no shield)
rNeg     . . .     Spirit   .   (armour unavailable)
rPois    .         Reflect  .   (helmet restricted)
rElec    .         Harm     .   (no cloak)
rCorr    .         Rampage  .   (no gloves)
Will     .....                  (no boots)
Stlth    +.........             (no amulet)
HPRegen  0.08/turn              (no ring)
MPRegen  0.08/turn              (no ring)

@: on berserk cooldown, flying, slowed, very slow
A: AC +4, unfitting armour, cold-blooded
a: Renounce Religion, Berserk


You were on level 3 of the Dungeon.
You worshipped Trog.
Trog was aware of your devotion.
You visited 1 branch of the dungeon, and saw 3 of its levels.

Inventory:

Hand Weapons
 a - a +0 hand axe (weapon)
 b - a +0 hunting sling
Scrolls
 c - a scroll of enchant weapon {unknown}


   Skills:
 - Level 3.2 Fighting
 * Level 3.5 Axes
 - Level 2.6 Dodging


You had one spell level left.
You didn't know any spells.
Your spell library was empty.

Dungeon Overview and Level Annotations

Branches:
Dungeon (3/15)

Altars:

Annotations:
D:3 Robin


Innate Abilities, Weirdness & Mutations

Your plain brown scales are hard. (AC +4)
You cannot fit into any form of body armour.
You are cold-blooded and may be slowed by cold attacks.


Message History

Unknown command.
You hit the goblin.
You kill the goblin!
Trog accepts your kill.
You hit the goblin. You barely miss the orc.
The orc hits you with a +0 short sword.
* * * LOW HITPOINT WARNING * * *
Robin barely misses you. The goblin barely misses you.
The goblin closely misses you.
You hit the orc. You tail-slap the orc.
The orc is heavily wounded.
You hit the goblin. x2
You kill the goblin!
Trog accepts your kill.
You feel less confused. Robin hits you but does no damage.
The goblin barely misses you. The orc barely misses you.
Robin completely misses you. The goblin completely misses you.
You have reached level 2!
It was a potion of flight.
You feel very buoyant.
You fly up into the air.
The goblin misses you. The orc barely misses you.
Robin hits you from afar with a +0 spear.
* * * LOW HITPOINT WARNING * * *
The goblin hits you with a +0 club.
* * * LOW HITPOINT WARNING * * *
The orc hits you with a +0 whip.
* * * LOW HITPOINT WARNING * * *
The goblin hits you but does no damage. Robin closely misses you.
Level annotation: Robin Welcome back, nxtlvl the Draconian Berserker.
Trog says: Kill them all!
Press ? for a list of commands and other information.
You hit the orc.
The orc is heavily wounded.
You hit the goblin. x2
You kill the goblin!
Trog accepts your kill. The goblin hits you but does no damage.
The orc hits you with a +0 whip.
You die...

# .. ...
######### ....
#@ggg...#
.....##o)g....##
....{o.gg...[.[.
)...o##g........
.... #.......#.
... ########..
.. . #


You could see Robin, an orc, a hobgoblin (strong) and 5 goblins.

Vanquished Creatures
  4 goblins (D:3)
  2 ball pythons (D:2)
  A bat (D:1)
  2 rats
9 creatures vanquished.

Notes
Turn   | Place    | Note
-------+----------+-------------------------------------------
     0 | D:1      | nxtlvl the Draconian Berserker began the quest for the Orb.
     0 | D:1      | Reached XP level 1. HP: 19/19 MP: 1/1
   183 | D:3      | Noticed Robin
   183 | D:3      | Noticed an orc wizard
   184 | D:3      | Noticed an orc priest
   194 | D:3      | Reached XP level 2. HP: 6/26 MP: 2/2
   195 | D:3      | Slain by an orc

Illustrated notes

Levels and vault maps discovered:
D:1:      dpeg_arrival_rhombus, layout_loops_corners,
          ebering_ecumenical_altar_mist
D:2:      layout_basic, uniq_terence, uniq_jessica
D:3:      layout_basic, uniq_robin

Action                   || total
-------------------------++-------
Melee: Hand axe          ||    13
       Tailslap          ||     1
Invok: Berserk           ||     1
  Use: Potion            ||     1
Armor: Skin              ||     6
Dodge: Dodged            ||    17
